AoeStats
← 888HJ

Glade

510482392Analyzed
1v1 RM · 13h ago on Oct 1, 2026· 39m 39s· 2 players
Game mode
Random Map
Map size
Tiny (2 player)
Population
200
Speed
Normal
Resources
Standard
Victory
Conquest
Starting age
Dark Age
Ending age
Imperial Age
RankedLock teamsTeams togetherTeam positionsShared explorationLock speedFull tech treeHidden civsTurbo modeCheats
Victory
Defeat
🇦🇺 Bulgarians · Australia
861
+17
🇬🇧 Teutons · United Kingdom
878
-17
888HJ
9:26 Loom
12:25 Feudal Age
13:10 Town Watch
13:21 Double-Bit Axe
15:02 Arson
17:29 Horse Collar
18:14 Fletching
23:56 Castle Age
23:28 Forging
25:56 Bow Saw
25:48 Bodkin Arrow
28:29 Heavy Plow
28:29 Gold Mining
32:23 Gold Shaft Mining
34:37 Wheelbarrow
39:34 Imperial Age
37:44 Hand Cart
38:08 Iron Casting
37:38 Scale Barding Armor
38:08 Stirrups
38:11 Stone Mining
39:12 Chain Barding Armor
CastleInYourFace
12:01 Feudal Age
13:40 Double-Bit Axe
16:16 Castle Age
16:14 Fletching
17:37 Crossbowman
20:31 Wheelbarrow
20:33 Horse Collar
22:25 Bodkin Arrow
25:47 Stone Mining
27:19 Stone Shaft Mining
27:45 Gold Mining
28:41 Scale Barding Armor
28:51 Loom
32:18 Bow Saw
34:03 Chain Barding Armor
37:07 Heavy Plow
42:33 Imperial Age
Connection lost

Rejoining the realm…

Still unreachable

The connection could not be restored.

Session expired

The server has moved on; the page needs a fresh start.